 Dungeon Crawl Stone Soup version 0.30.1-11-g7821555f0a (webtiles) character file.

Game seed: 1353064053278310390

113 lonewolfV2 the Trooper (level 5, -1/43 HPs)
             Began as a Formicid Fighter on Nov 1, 2023.
             Slain by a gnoll
             ... wielding a +0 halberd
              (11 damage)
             ... on level 3 of the Dungeon.
             The game lasted 00:02:26 (1943 turns).

lonewolfV2 the Trooper (Formicid Fighter)           Turns: 1943, Time: 00:02:27

Health: -1/43      AC:  6    Str: 22    XL:     5   Next: 17%
Magic:  5/5        EV:  5    Int:  8    God:
Gold:   110        SH:  0    Dex: 13    Spells: 4/4 levels left

rFire   . . .        a - +0 war axe
rCold   . . .        c - +0 buckler
rNeg    . . .        b - +0 scale mail
rPois   .            (helmet unavailable)
rElec   .            (no cloak)
rCorr   .            (no gloves)
SInv    +            (no boots)
Will    .....        (no amulet) Stlth
                     (no ring)
HPRegen 0.27/turn    (no ring)
MPRegen 0.09/turn

%: no passive effects
@: mighty, held, invisible
A: permanent stasis, dig shafts and tunnels, antennae 3, four strong arms
a: Dig, Shaft Self


You were on level 3 of the Dungeon.
You visited 1 branch of the dungeon, and saw 3 of its levels.

You collected 110 gold pieces.

Inventory:

Hand Weapons
 a - a +0 war axe (weapon)
Armour
 b - a +0 scale mail (worn)
 c - a +0 buckler (worn)
Jewellery
 n - a ring of resist corrosion
Wands
 l - a wand of paralysis (5)
Scrolls
 f - 5 scrolls of magic mapping {unknown}
 i - a scroll of brand weapon {unknown}
 j - 3 scrolls of identify {unknown}
 m - a scroll of vulnerability {unknown}
 o - a scroll of teleportation {unknown}
 p - a scroll of butterflies {unknown}
Potions
 e - 2 potions of invisibility
 g - 3 potions of ambrosia {unknown}
 h - a potion of attraction {unknown}
 k - a potion of cancellation {unknown}
 q - a potion of curing {unknown}


   Skills:
 + Level 4.3 Fighting
 * Level 4.2 Axes
 - Level 3.2 Armour
 - Level 4.0 Shields


You had 4 spell levels left.
You didn't know any spells.
Your spell library contained the following spells:

 Spells                   Type           Power      Damage    Failure   Level
 Lesser Beckoning         Tloc           0%         N/A       91%         2
 Gell's Gravitas          Tloc           0%         N/A       99%         3
 Portal Projectile        Hex/Tloc       0%         N/A       99%         3
 Teleport Other           Tloc           0%         N/A       99%         3
 Tukima's Dance           Hex            0%         N/A       99%         3
 Blade Hands              Tmut           0%         N/A       100%        5


Dungeon Overview and Level Annotations

Branches:
Dungeon (3/15)

Altars:


Innate Abilities, Weirdness & Mutations

You cannot be hasted, slowed, berserked, paralysed or teleported.
You can dig through walls and to a lower floor.
You have a pair of large antennae on your head. (SInv)
Your four strong arms can wield two-handed weapons with a shield.


Message History

The gnoll shouts!
You hear a shout!
A gnoll comes into view. It is wielding a +0 whip.
The gnoll shouts!
You hear a shout!
The gnoll hits you from afar with a +0 spear.
You block the gnoll's attack. The gnoll hits you but does no damage.
You barely miss the gnoll.
A gnoll comes into view. It is wielding a +0 halberd.
The gnoll barely misses you. The gnoll hits you with a +0 spear.
You closely miss the gnoll. The gnoll barely misses you.
You block the gnoll's attack.
You slash the gnoll!
You kill the gnoll!
The gnoll throws a throwing net.
The throwing net hits you.
You become entangled in the net!
The gnoll hits you from afar with a +0 halberd.
You struggle against the net.
The gnoll completely misses you. The gnoll barely misses you.
You struggle against the net.
A frilled lizard comes into view.
The gnoll hits you with a +0 whip.
The gnoll hits you from afar with a +0 halberd!
Unknown command.
You struggle against the net.
The frilled lizard hisses angrily.
The gnoll hits you with a +0 whip. The gnoll barely misses you.
Aiming: Paralyse
Press: ? - help, Q - select action, (/) - cycle Shift-Dir - straight line, f - gnoll
Aim: a gnoll, wielding a +0 whip (chance to affect: 57%)
The gnoll resists with significant effort.
The gnoll completely misses you. The gnoll hits you with a +0 whip.
The gnoll hits you from afar with a +0 halberd!
* * * LOW HITPOINT WARNING * * *
You feel very mighty all of a sudden. The gnoll hits you but does no damage.
The gnoll hits you from afar with a +0 halberd.
* * * LOW HITPOINT WARNING * * *
It was a potion of invisibility.
You fade into invisibility!
The gnoll hits you from afar with a +0 halberd!
You die...

## .#######
.....>.##############
.####...#...........######
.#..........#......^.....#
.#.##...#...#.#####.####.#
.).....######†## #.####.#
.............l.####...##.##
.#.###.###...#g)@...#.....#
.#.# .....#..>#g##...##..#
.#.# .###...#.g#....###..#
##.# #.##.##.##..# #.†# #.#
#. #. #.##..# #..# #.# # #.
#.##..# #..## #.# .#
.....##..###...# #.###.#
#........[...#.# #..##.#
#####....#####.#


You could see 3 gnolls and a frilled lizard (unable to see you).

Vanquished Creatures
  3 adders
  A gnoll (D:3)
  A worm (D:2)
  A dart slug (D:3)
  5 orcs (D:3)
  5 endoplasms
  A giant cockroach (D:3)
  3 goblins
  6 hobgoblins
  5 jackals (D:1)
  5 kobolds
  8 quokkas
  4 ball pythons
  5 bats
  3 frilled lizards
  5 rats
61 creatures vanquished.

Notes
Turn   | Place    | Note
-------+----------+-------------------------------------------
     0 | D:1      | lonewolfV2 the Formicid Fighter began the quest for the
                  | Orb.
     0 | D:1      | Reached XP level 1. HP: 18/18 MP: 1/1
    21 | D:1      | Found a faded altar of an unknown god.
   183 | D:1      | Reached XP level 2. HP: 23/24 MP: 2/2
   560 | D:1      | Reached XP level 3. HP: 30/30 MP: 3/3
  1079 | D:2      | Reached XP level 4. HP: 35/37 MP: 4/4
  1845 | D:3      | Reached XP level 5. HP: 35/42 MP: 5/5
  1943 | D:3      | Slain by a gnoll

Illustrated notes

Levels and vault maps discovered:
D:1:      psy_arrival_basics, layout_basic, chequers_ecumenical_altar_island
D:2:      layout_rooms
D:3:      layout_loops_ring, nicolae_figureground_pulse

Skill      XL: |  1  2  3  4 |
---------------+-------------+-----
Axes           | 3 4 |  4.2
Fighting       | 4 |  4.3
Armour         | |  3.2
Shields        | |  4.0

Action                     |  1- 3 |  4- 6 || total
---------------------------+-------+-------++-------
  Melee: War axe           |   103 |    83 ||   186
  Evoke: Wand              |       |     1 ||     1
    Use: Scroll            |     1 |       ||     1
         Potion            |       |     2 ||     2
 Armour: Scale mail        |    39 |    52 ||    91
  Dodge: Dodged            |    55 |    53 ||   108
  Block: Buckler           |    25 |    26 ||    51
